 Dungeon Crawl Stone Soup version 0.31-a0-188-g5e087ee2ca (webtiles) character file.

Game seed: 10360438797183545366

116 qw the Skirmisher (level 4, 0/25 HPs)
             Began as a Deep Elf Hunter on June 23, 2023.
             Slain by a gnoll bouda
             ... wielding a +0 whip
              (7 damage)
             ... on level 4 of the Dungeon.
             The game lasted 00:00:43 (1568 turns).

qw the Skirmisher (Deep Elf Hunter)                 Turns: 1568, Time: 00:00:44

Health: 0/25       AC:  6    Str: 10    XL:     4   Next: 69%
Magic:  6/6        EV: 11    Int: 14    God:
Gold:   185        SH:  0    Dex: 18    Spells: 3/3 levels left

rFire   . . .        Y - +0 shortbow
rCold   . . .        (shield currently unavailable)
rNeg    . . .        j - +0 ring mail
rPois   .            k - +0 helmet
rElec   .            (no cloak)
rCorr   .            (no gloves)
SInv    .            (no boots)
Will    .....        (no amulet)
Stlth   +            (no ring)
HPRegen 0.24/turn    (no ring)
MPRegen 0.10/turn

%: no passive effects
@: about to teleport, weakened
A: no striking features
a: no special abilities


You were on level 4 of the Dungeon.
You visited 1 branch of the dungeon, and saw 4 of its levels.

You collected 185 gold pieces.


   Skills:
 - Level 1.5 Fighting
 + Level 8.1 Ranged Weapons
 - Level 2.4 Dodging
 - Level 1.2 Stealth


You had 3 spell levels left.
You didn't know any spells.
Your spell library was empty.

Inventory:

Hand Weapons
 Y - a +0 shortbow (weapon)
Armour
 j - a +0 ring mail (worn)
 k - a +0 helmet (worn)
Scrolls
 g - a scroll of teleportation
Potions
 a - a potion of haste {unknown}
 d - a potion of heal wounds {unknown}
 e - a potion of lignification {unknown}
 f - a potion of might
 h - 2 potions of curing
 i - a potion of degeneration {unknown}
 l - a potion of attraction {unknown}

Dungeon Overview and Level Annotations

Branches:
Dungeon (4/15)
 Temple: D:4-7

Altars:


Message History

The gnoll bouda calls upon its god to heal the gnoll.
The gnoll is healed somewhat.
The gnoll closely misses you. The gnoll hits you with a +0 club.
You shoot an arrow. The arrow hits the gnoll!
The gnoll is severely wounded.
The gnoll bouda gazes fiercely through you!
You feel your attacks grow feeble. The gnoll hits you with a +0 whip.
You shoot an arrow. The arrow hits the gnoll.
You kill the gnoll!
A gnoll comes into view. It is wielding a +0 club.
The gnoll barely misses you.
You shoot an arrow. The gnoll shouts!
The arrow hits the gnoll bouda but does no damage.
The gnoll bouda is moderately wounded.
The gnoll bouda closely misses you.
A gnoll comes into view. It is wielding a +0 flail.
The gnoll hits you with a +0 club. The gnoll barely misses you.
You shoot an arrow.
The arrow barely misses the gnoll bouda.
The gnoll shouts!
The arrow hits the gnoll.
The gnoll is moderately wounded.
You hear a shout!
The gnoll bouda hits you with a +0 whip.
The gnoll hits you with a +0 club. The gnoll hits you with a +0 whip.
1567 ||| READING 2 scrolls of teleportation.
As you read the scroll of teleportation, it crumbles to dust.
You feel strangely unstable. The gnoll bouda closely misses you.
The gnoll barely misses you. The gnoll closely misses you.
You shoot an arrow.
The arrow closely misses the gnoll bouda.
The arrow hits the gnoll but does no damage.
The gnoll is moderately wounded.
The gnoll bouda calls upon its god to heal the gnoll.
The gnoll's wounds heal themselves!
The gnoll barely misses you.
The gnoll bouda hits you with a +0 whip!
You die...

..............
..........####.
#..:..<.......
#...##.######.
.#####.)#..#
..........##
#######.######.
#..........
#.#@g......
#.gg...%...
#..g.......
...g........
.....).......
#..#..........
....#........##
... ......#...


You could see a gnoll bouda and 4 gnolls.

Vanquished Creatures
  2 adders
  2 gnolls (D:4)
  2 dart slugs
  6 orcs (D:3)
  5 ball pythons
  4 endoplasms
  2 giant cockroaches
  4 goblins
  4 hobgoblins
  7 jackals
  3 quokkas (D:1)
  6 bats
  3 frilled lizards
  9 kobolds
  4 rats (D:1)
63 creatures vanquished.

Notes
Turn   | Place    | Note
-------+----------+-------------------------------------------
     0 | D:1      | qw the Deep Elf Hunter began the quest for the Orb.
     0 | D:1      | Reached XP level 1. HP: 12/12 MP: 3/3
     0 | D:1      | 0 ||| qw: Version: 0.3-a-9-g12657ce
     0 | D:1      | 0 ||| qw: Game counter: 3471
     0 | D:1      | 0 ||| qw: Always use a shield: true
     0 | D:1      | 0 ||| qw: God list: Okawaru
     0 | D:1      | 0 ||| qw: Allow faded altars: false
     0 | D:1      | 0 ||| qw: Do Orc after D:15 true
     0 | D:1      | 0 ||| qw: Do second Lair branch before Depths: true
     0 | D:1      | 0 ||| qw: Lair rune preference: random
     0 | D:1      | 0 ||| qw: Plans: Normal
     0 | D:1      | 0 ||| PLANNING D:1-11
    41 | D:1      | Reached XP level 2. HP: 12/16 MP: 4/4
    76 | D:1      | Reached skill level 6 in Ranged Weapons
   287 | D:1      | Reached XP level 3. HP: 20/20 MP: 5/5
   563 | D:1      | 563 ||| UPGRADING to +0 helmet.
   568 | D:1      | 568 ||| READING scroll labelled WISHAUWKENG.
   569 | D:1      | 569 ||| READING scroll labelled LEGAJA FOETWA.
   570 | D:1      | 570 ||| READING 2 scrolls labelled PETUGO BYEH.
   573 | D:1      | 573 ||| READING scroll labelled FACI ZORHIGUN.
   574 | D:1      | 574 ||| READING scroll labelled KIFU ZI UNUP.
   575 | D:1      | 575 ||| DRINKING 2 bubbling golden potions.
   576 | D:1      | 576 ||| DRINKING 2 fizzy purple potions.
   577 | D:1      | 577 ||| DROPPING scroll of butterflies.
   578 | D:1      | 578 ||| DROPPING potion of magic.
   621 | D:2      | Reached skill level 7 in Ranged Weapons
   910 | D:2      | Identified the +1 rapier "Jiorapoc" {flame, rC++}
  1061 | D:2      | 1061 ||| READING scroll labelled KIOCKA NUKHE.
  1103 | D:3      | Reached XP level 4. HP: 22/25 MP: 6/6
  1501 | D:3      | 1501 ||| UPGRADING to +0 scale mail.
  1511 | D:3      | 1511 ||| DROPPING +0 leather armour.
  1512 | D:3      | 1512 ||| UPGRADING to +0 ring mail.
  1522 | D:3      | 1522 ||| DROPPING +0 scale mail.
  1523 | D:3      | 1523 ||| DRINKING 2 metallic clear potions.
  1557 | D:4      | Reached skill level 8 in Ranged Weapons
  1566 | D:4      | HP: 6/25 [gnoll/+0 whip (1)]
  1567 | D:4      | 1567 ||| READING 2 scrolls of teleportation.
  1568 | D:4      | Slain by a gnoll bouda

Levels and vault maps discovered:
D:1:      spicycebolla_green_bress_n_ham, layout_basic, minmay_cupped
D:2:      layout_basic, minmay_tetromino_t4
D:3:      layout_rooms
D:4:      kennysheep_goblin_castle, layout_rooms, lemuel_coloured_pillars_altar,
          general_overflow_altar, uniq_natasha

Skill      XL: |  1  2  3  4 |
---------------+-------------+-----
Ranged Weapons | 6 7 8 |  8.1
Fighting       | |  1.5
Dodging        | |  2.4
Stealth        | |  1.2

Action                     |  1- 3 |  4- 6 || total
---------------------------+-------+-------++-------
   Fire: Shortbow          |   108 |    52 ||   160
    Use: Scroll            |     6 |     1 ||     7
         Potion            |     2 |     1 ||     3
 Armour: Leather armour    |     9 |     7 ||    16
  Dodge: Dodged            |    19 |    32 ||    51

Table legend:
 A = Non-vault XP
 B = Vault XP
 C = Vault XP percentage of total XP
 D = Non-vault monster count
 E = Vault monster count
 F = Vault count percentage of total count
                 A         B        C        D         E       F
            +---------+---------+-------+---------+---------+-------
      Total |     151 |      15 |   9.0 |      54 |       9 |  14.3
            +---------+---------+-------+---------+---------+-------
        D:1 |      41 |       8 |  16.3 |      25 |       5 |  16.7
        D:2 |      26 |       7 |  21.2 |       8 |       4 |  33.3
        D:3 |      41 |       0 |   0.0 |      17 |       0 |   0.0
        D:4 |      43 |       0 |   0.0 |       4 |       0 |   0.0
            +---------+---------+-------+---------+---------+-------
